 Dungeon Crawl Stone Soup version 0.30.0-11-gf55b779eaf (webtiles) character file.

Game seed: 15294684211310634973

12651 jasper the Covert (level 11, -4/56 HPs)
             Began as a Spriggan Earth Elementalist on May 16, 2023.
             Was an Initiate of Gozag.
             Hit by a large rock thrown by a cyclops (39 damage)
             ... on level 2 of the Orcish Mines.
             The game lasted 00:19:44 (12438 turns).

jasper the Covert (Spriggan Earth Elementalist)    Turns: 12438, Time: 00:19:45

Health: -4/56      AC:  6    Str:  4    XL:     11   Next: 65%
Magic:  8/16       EV: 23    Int: 32    God:    Gozag
Gold:   2145       SH:  0    Dex: 17    Spells: 10/16 levels left

rFire   . . .        o - staff of earth
rCold   . . .        (shield currently unavailable)
rNeg    + . .        I - +2 robe {rN+}
rPois   .            (helmet restricted)
rElec   .            q - +1 cloak
rCorr   .            (gloves unavailable)
SInv    +            (boots unavailable)
Will    +....        (no amulet)
Stlth   +++++        r - +6 ring of intelligence
HPRegen 0.29/turn    w - +6 ring of intelligence
MPRegen 0.15/turn

%: no passive effects
@: gold aura, very quick
A: very small, no large weapons, unfitting armour, see invisible, speed 3
a: Renounce Religion, Potion Petition, Call Merchant, Bribe Branch


You were on level 2 of the Orcish Mines.
You worshipped Gozag.
Gozag was most pleased with you.
You visited 2 branches of the dungeon, and saw 12 of its levels.
You also visited: Sewer.

You collected 2355 gold pieces.
You spent 210 gold pieces at shops.

Inventory:

Hand Weapons
 e - a +1 heavy short sword
Missiles
 k - a throwing net
Armour
 a - a +0 robe
 q - a +1 cloak (worn)
 B - a +1 robe
 E - a +0 cloak
 I - a +2 robe of positive energy (worn)
Magical Staves
 g - a staff of conjuration
 o - a staff of earth (weapon)
Jewellery
 r - a +6 ring of intelligence (left hand)
 w - a +6 ring of intelligence (right hand)
 D - a ring of flight
 F - an amulet of guardian spirit
Wands
 p - a wand of charming (1)
 y - a wand of polymorph (5)
Scrolls
 i - 3 scrolls of fear
 m - a scroll of amnesia
 s - a scroll of enchant weapon
 t - 5 scrolls of poison
 u - a scroll of fog
 z - 4 scrolls of teleportation
 J - a scroll of magic mapping
Potions
 b - 2 potions of magic
 c - 3 potions of lignification
 d - 3 potions of might
 f - 8 potions of curing
 h - 3 potions of attraction
 j - a potion of resistance
 l - 6 potions of flight
 n - a potion of heal wounds
 v - a potion of berserk rage
 x - a potion of cancellation
 A - 4 potions of brilliance
 G - a potion of mutation
Miscellaneous
 H - a phantom mirror (inert)


   Skills:
 + Level 6.2 Fighting
 + Level 5.6 Staves
 - Level 10.0 Dodging
 - Level 10.0 Stealth
 - Level 3.0 Spellcasting
 - Level 5.0 Conjurations
 - Level 1.3 Transmutations
 - Level 7.0 Earth Magic
 + Level 9.9 Evocations


You had 10 spell levels left.
You knew the following spells:

 Your Spells              Type           Power      Damage    Failure   Level
a - Sandblast             Erth           100%       2d20      1%          1
b - Passwall              Tmut/Erth      39%        N/A       1%          2
c - Stone Arrow           Conj/Erth      100%       3d13      1%          3

Your spell library contained the following spells:

 Spells                   Type           Power      Damage    Failure   Level
 Petrify                  Tmut/Erth      47%        N/A       11%         4
 Ignite Poison            Fire/Tmut/Pois 7%         N/A       16%         3
 Sticky Flame             Conj/Fire      20%        2d4       22%         4
 Ignition                 Fire           2%         3d3       100%        8


Dungeon Overview and Level Annotations

Branches:
Dungeon (10/15)            Temple (0/1) D:6            Lair (0/5) D:10
    Orc (2/2) D:10            Elf (0/3) Orc:2         Sewer (visited)

Altars:
Cheibriados
Elyvilon
Gozag
Hepliaklqana
Kikubaaqudgha
Makhleb
Okawaru
Qazlal
Sif Muna
Uskayaw
Vehumet
Xom
Zin

Shops:
D:2 :   D:7 !   D:8 (   D:10 (:   Orc:2 ?


Innate Abilities, Weirdness & Mutations

You are very small and have problems with some larger weapons.
You are too small for most types of armour.
You have supernaturally acute eyesight. (SInv)
You cover ground extremely quickly. (Speed+++)


Message History

Casting: Sandblast (safe; 1% risk of failure)
Confirm with . or Enter, or press ? or * to list all spells.
Aiming: Sandblast (safe; 1% risk of failure)
Press: ? - help, Shift-Dir - straight line, f/p - orc warrior
Aim: an orc warrior, wielding a +0 trident and wearing a +0 plate armour (almost dead, 85% to hit)
You feel a surge of power!
The blast of sand hits the orc warrior!!
You kill the orc warrior!
You now have 10/16 mp.
Casting: Sandblast (safe; 1% risk of failure)
Confirm with . or Enter, or press ? or * to list all spells.
Aiming: Sandblast (safe; 1% risk of failure)
Press: ? - help, Shift-Dir - straight line, f - orc priest
Aim: an orc priest, wielding a +0 war axe (85% to hit)
You feel a surge of power!
The blast of sand hits the orc priest!!
You kill the orc priest!
The orc shouts!
Casting: Sandblast (safe; 1% risk of failure)
Confirm with . or Enter, or press ? or * to list all spells.
You can't see any susceptible monsters within range! (Use Z to cast anyway.) Unknown command.
Casting: Sandblast (safe; 1% risk of failure)
Confirm with . or Enter, or press ? or * to list all spells.
Aiming: Sandblast (safe; 1% risk of failure)
Press: ? - help, Shift-Dir - straight line, f - orc
Aim: an orc, wielding a +0 mace and wearing a +0 ring mail (87% to hit)
You feel a surge of power!
The blast of sand hits the orc but does no damage.
You now have 9/16 mp.
Casting: Sandblast (safe; 1% risk of failure)
Confirm with . or Enter, or press ? or * to list all spells.
Aiming: Sandblast (safe; 1% risk of failure)
Press: ? - help, Shift-Dir - straight line, f/p - orc
Aim: an orc, wielding a +0 mace and wearing a +0 ring mail (87% to hit)
You feel a surge of power!
The blast of sand hits the orc!!
You kill the orc!
The cyclops throws a large rock.
The large rock hits you!!!
Ouch! That really hurt!
You die...
Your body crumbles into a pile of gold.

.#.....#..8 #.#
#......#.$. #.#
.......##...##.#
......o.###'#..#
....$#.........#
.....#....C.$.##
.....$........$###
....##########$..##
...## ###@.## ...#
# ##..# ..#### .#
#..# ..#.8##o###
##.# 8.$...o....
#.# o$'.$o.o.8. #.#
8.'..oo..o. #.#
o.#.8##o### ##.#
#.#### .# #..#


You could see a cyclops.

Vanquished Creatures
  2 two-headed ogres
  Pikel (D:9)
  An orc sorcerer (Orc:2)
  An orc knight (Orc:2)
  An ugly thing (D:10)
  A komodo dragon (D:10)
  2 trolls
  A hornet (D:9)
  15 yaks
  2 steam dragons
  An acid dragon (D:10)
  3 water moccasins
  Duvessa (D:5)
  2 black bears
  19 orc warriors
  A sky beast (D:7)
  An ice beast (D:7)
  An ogre (D:4)
  2 phantoms
  4 lemures (D:9)
  2 kobold brigands
  5 bullfrogs
  3 scorpions
  8 wights
  Dowan (D:5)
  5 killer bees (D:7)
  4 howler monkeys
  A jelly (D:6)
  3 hounds
  Crazy Yiuf (D:7)
  13 orc priests
  3 gnoll boudas
  Ijyb (D:5)
  3 iguanas
  2 sleepcaps
  19 orc wizards
  29 gnolls
  5 adders
  3 river rats (Sewer)
  A shadow imp (D:7)
  A white imp (D:5)
  A worm (D:4)
  A dart slug (D:2)
  75 orcs
  7 ball pythons
  3 bats
  6 endoplasms
  3 giant cockroaches (D:4)
  8 goblins
  5 hobgoblins
  5 jackals
  3 quokkas
  4 frilled lizards
  14 kobolds
  5 rats
315 creatures vanquished.

Vanquished Creatures (collateral kills)
  A warg (Orc:2)
  2 orc warriors (Orc:2)
  A centaur (D:10)
  3 orc priests (Orc:2)
  An orc wizard (Orc:2)
  A gnoll (Orc:2)
  6 orcs
15 creatures vanquished.

Vanquished Creatures (others)
  A two-headed ogre (Orc:2)
  A warg (Orc:2)
  3 orc warriors (Orc:2)
  An orc priest (Orc:2)
  A gnoll (Orc:2)
  2 orcs (Orc:2)
9 creatures vanquished.

Grand Total: 339 creatures vanquished

Notes
Turn   | Place    | Note
-------+----------+-------------------------------------------
     0 | D:1      | jasper the Spriggan Earth Elementalist began the quest for
                  | the Orb.
     0 | D:1      | Reached XP level 1. HP: 9/9 MP: 5/5
   173 | D:1      | Reached XP level 2. HP: 13/13 MP: 3/6
   841 | D:1      | Learned a level 2 spell: Passwall
  1013 | D:2      | Found Janemix's Book Shop.
  1104 | D:2      | Reached XP level 3. HP: 16/16 MP: 6/8
  1108 | D:2      | Learned a level 3 spell: Stone Arrow
  1471 | D:2      | Reached XP level 4. HP: 21/21 MP: 5/9
  1704 | D:3      | Found a faded altar of an unknown god.
  1741 | D:3      | Prayed at the altar of an unknown god.
  1741 | D:3      | Became a worshipper of Gozag Ym Sagoz the Greedy
  1808 | D:3      | Found a burning altar of Makhleb.
  1945 | D:3      | Reached skill level 5 in Earth Magic
  2317 | D:4      | Reached XP level 5. HP: 15/24 MP: 5/10
  2652 | D:4      | Found a glowing drain.
  2860 | Sewer    | Entered a sewer
  2983 | Sewer    | Reached XP level 6. HP: 11/28 MP: 1/11
  3086 | Sewer    | Found a white marble altar of Elyvilon.
  3394 | D:4      | Found a snail-covered altar of Cheibriados.
  3459 | D:4      | Reached skill level 1 in Conjurations
  3521 | D:4      | Found a shimmering blue altar of Sif Muna.
  3634 | D:4      | Reached XP level 7. HP: 32/32 MP: 5/12
  4095 | D:5      | Entered Level 5 of the Dungeon
  4522 | D:5      | Noticed Ijyb
  4546 | D:5      | Killed Ijyb
  4558 | D:5      | Noticed Dowan
  4561 | D:5      | Noticed Duvessa
  5015 | D:5      | Killed Duvessa
  5016 | D:5      | Killed Dowan
  5167 | D:5      | Reached XP level 8. HP: 36/36 MP: 10/13
  5200 | D:5      | Found a hide-covered altar of Uskayaw.
  5204 | D:5      | Reached skill level 5 in Conjurations
  5250 | D:5      | Found an ancient bone altar of Kikubaaqudgha.
  5509 | D:6      | Reached skill level 1 in Evocations
  5547 | D:6      | Found a glowing silver altar of Zin.
  5619 | D:6      | Reached skill level 1 in Fighting
  5780 | D:6      | Reached skill level 1 in Staves
  5931 | D:6      | Found a staircase to the Ecumenical Temple.
  6295 | D:7      | Found Wuumait's Distillery.
  6331 | D:7      | Found a radiant altar of Vehumet.
  6338 | D:7      | Bought a potion of brilliance for 60 gold pieces
  6338 | D:7      | Bought a potion of brilliance for 60 gold pieces
  6338 | D:7      | Bought a potion of curing for 45 gold pieces
  6338 | D:7      | Bought a potion of curing for 45 gold pieces
  6343 | D:7      | Reached skill level 5 in Stealth
  6393 | D:7      | Reached XP level 9. HP: 42/42 MP: 8/14
  6551 | D:7      | Reached skill level 5 in Dodging
  6958 | D:7      | Found a runed translucent door.
  6959 | D:7      | Noticed Crazy Yiuf
  7126 | D:7      | Found a stormy altar of Qazlal.
  7231 | D:7      | Killed Crazy Yiuf
  7480 | D:8      | Found a shimmering altar of Xom.
  7481 | D:8      | Found a hazy altar of Hepliaklqana.
  7482 | D:8      | Noticed a spectral ugly thing
  7584 | D:8      | Reached skill level 5 in Evocations
  7847 | D:8      | Found Lerra's Hydra Hut.
  7851 | D:8      | Noticed a six-headed hydra
  8267 | D:8      | Found an opulent altar of Gozag.
  8405 | D:9      | Noticed a two-headed ogre
  8410 | D:9      | Killed a two-headed ogre
  8411 | D:9      | Reached XP level 10. HP: 49/49 MP: 12/15
  8460 | D:9      | Found a white marble altar of Elyvilon.
  8934 | D:9      | Noticed Pikel
  9059 | D:9      | Killed Pikel
  9526 | D:9      | Found an iron altar of Okawaru.
  9668 | D:10     | Entered Level 10 of the Dungeon
  9801 | D:10     | Found Sesusul's Self-Improvement Boutique.
  9801 | D:10     | Noticed a two-headed ogre
  9808 | D:10     | Killed a two-headed ogre
  9888 | D:10     | Reached skill level 10 in Stealth
  9898 | D:10     | Reached skill level 5 in Fighting
 10122 | D:10     | Noticed a red ugly thing
 10128 | D:10     | Killed a red ugly thing
 10129 | D:10     | Reached XP level 11. HP: 55/55 MP: 3/16
 10131 | D:10     | Found Terutif's Weapon Shoppe.
 10267 | D:10     | Found a staircase to the Orcish Mines.
 10318 | D:10     | Found a staircase to the Lair.
 10808 | D:10     | Reached skill level 5 in Staves
 10879 | Orc:1    | Entered Level 1 of the Orcish Mines
 11405 | Orc:2    | Entered Level 2 of the Orcish Mines
 11412 | Orc:2    | Noticed a two-headed ogre
 11479 | Orc:2    | Found a staircase to the Elven Halls.
 11502 | Orc:2    | Noticed an orc knight
 11540 | Orc:2    | Killed an orc knight
 11968 | Orc:2    | Found Purhe's Magic Scroll Shoppe.
 12226 | Orc:2    | Noticed an orc sorcerer
 12255 | Orc:2    | Killed an orc sorcerer
 12271 | Orc:2    | Reached skill level 10 in Dodging
 12438 | Orc:2    | Hit by a large rock thrown by a cyclops

Illustrated notes

Levels and vault maps discovered:
D:1:      dpeg_arrival_houses_and_road, layout_basic,
          chequers_serial_rivers_micro_c
D:2:      cheibrodos_helix_gallery, layout_loops_cross, serial_shops, shop
D:3:      layout_basic, lemuel_crystal_altar, ebering_ecumenical_altar_mist
D:4:      layout_layer_cave, old_standard_altar, lemuel_round_altar,
          gup_sewer_entry_spiral
D:5:      layout_loops_cross, mainiacjoe_overflow_swirl, uniq_duvessa, uniq_ijyb
D:6:      layout_basic, mainiacjoe_overflow_paths, minmay_temple_entry_ruins,
          grunt_decor_mini_mirrors, eino_small_chamber_without_monster
D:7:      layout_cave_pools, nicolae_qazlal_style_of_elements,
          mainiacjoe_overflow_tiny_flanked, serial_shops, shop,
          nicolae_nh_ransacked_shop, uniq_crazy_yiuf_cottage
D:8:      layout_loops_cross, regret_index_temple_of_mockery,
          grunt_gozag_breadcrumbs, doesnt_shop_hydraphobe
D:9:      layout_basic, nicolae_overflow_hidden_temple,
          mainiacjoe_overflow_alcove_4, uniq_pikel
D:10:     layout_roguey, david_lair_shrubbed, orc_david_3,
          nicolae_shop_self_help
Orc:1:    layout_caves, basic_altar
Orc:2:    grunt_orc_community_town_hall, layout_caves,
          grunt_orc_community_big_house_2, grunt_orc_community_big_house_1,
          grunt_orc_community_house_3, grunt_orc_community_house_3,
          grunt_orc_community_house_1, grunt_orc_community_house_2,
          grunt_orc_community_house_2, grunt_orc_community_house_2

Skill      XL: |  1  2  3  4  5  6  7  8  9 10 11 |
---------------+----------------------------------+-----
Earth Magic    | 3 4 5 6 7 |  7.0
Conjurations   | 1 4 5 |  5.0
Spellcasting   | 3 |  3.0
Dodging        | 4 6 8 10 | 10.0
Evocations     | 3 6 8 9 |  9.9
Fighting       | 2 3 5 6 |  6.2
Staves         | 1 3 4 5 |  5.6
Stealth        | 5 8 10 | 10.0
Transmutations | |  1.3

Action                     |  1- 3 |  4- 6 |  7- 9 | 10-12 || total
---------------------------+-------+-------+-------+-------++-------
  Melee: Short sword       |     1 |       |       |       ||     1
         Staff             |       |     5 |     9 |     6 ||    20
         Unarmed           |       |       |    13 |       ||    13
  Throw: Dart              |       |       |       |     6 ||     6
   Cast: Sandblast         |    45 |    79 |   177 |   218 ||   519
         Stone Arrow       |       |       |     9 |    25 ||    34
  Evoke: Wand              |       |       |       |    19 ||    19
         Phantom mirror    |       |       |       |     2 ||     2
    Use: Scroll            |       |     7 |    10 |     3 ||    20
         Potion            |       |     1 |       |       ||     1
 Armour: Robe              |     1 |     3 |     3 |     6 ||    13
  Dodge: Dodged            |     3 |    22 |    61 |   141 ||   227
